AoeStats
← Fluvialgeomorphologist

MegaRandom

507416914Analyzed
4v4 RM · 14d ago on Sep 18, 2026· 80m 14s· 8 players
Game mode
Random Map
Map size
Large (8 player)
Population
200
Speed
Normal
Resources
Standard
Victory
Conquest
Starting age
Dark Age
Ending age
Imperial Age
RankedLock teamsTeams togetherTeam positionsShared explorationLock speedFull tech treeHidden civsTurbo modeCheats
Victory
Defeat
🇯🇵 Khmer · Japan
972
+13
🇺🇸 Bohemians · United States
881
+17
🇺🇸 Ethiopians · United States
872
+17
🇺🇸 Franks · United States
867
+19
🇨🇴 Portuguese · Colombia
922
-17
🇺🇸 Malians · United States
918
-17
🇺🇸 Burgundians · United States
898
-16
🇨🇳 Maya · China
892
-16
kimp
1:08 Loom
12:49 Feudal Age
13:15 Double-Bit Axe
15:58 Horse Collar
19:38 Castle Age
18:21 Bow Saw
18:49 Heavy Plow
19:34 Man-at-Arms
22:07 Two-Man Saw
29:01 Scale Barding Armor
28:57 Scale Mail Armor
38:27 Crop Rotation
38:55 Wheelbarrow
40:41 Long Swordsman
43:09 Forging
50:26 Chain Barding Armor
50:33 Hand Cart
52:22 Guilds
53:44 Iron Casting
54:13 Pikeman
54:53 Squires
58:01 Chain Mail Armor
80:07 Imperial Age
Fluvialgeomorphologist
9:40 Loom
11:29 Feudal Age
9:44 Loom
13:36 Double-Bit Axe
15:55 Castle Age
14:04 Stone Mining
16:07 Gold Mining
21:15 Wheelbarrow
21:32 Horse Collar
27:47 Gold Shaft Mining
31:17 Imperial Age
30:04 Hand Cart
30:52 Husbandry
31:02 Bloodlines
31:28 Light Cavalry
34:08 Tigui
34:26 Farimba
37:58 Forging
37:53 Scale Barding Armor
37:48 Cavalier
40:22 Heavy Camel Rider
46:50 Capped Ram
48:44 Iron Casting
48:30 Chain Barding Armor
48:12 Padded Archer Armor
48:12 Scale Mail Armor
48:03 Fletching
48:14 Man-at-Arms
48:15 Pikeman
49:36 Long Swordsman
50:17 Squires
51:46 Plate Barding Armor
50:36 Two-Handed Swordsman
51:51 Conscription
52:21 Elite Skirmisher
53:07 Thumb Ring
53:14 Onager
55:38 Ballistics
57:05 Chemistry
57:35 Champion
58:27 Caravan
59:29 Bow Saw
72:02 Treadmill Crane
74:34 Town Watch
el_joker
7:35 Loom
10:31 Feudal Age
11:21 Man-at-Arms
13:44 Fletching
20:54 Castle Age
20:59 Crossbowman
22:39 Double-Bit Axe
25:39 Padded Archer Armor
25:34 Bodkin Arrow
31:58 Wheelbarrow
40:33 Redemption
40:36 Pikeman
48:53 Imperial Age
59:47 Forging
59:38 Scale Mail Armor
62:35 Iron Casting
62:15 Chain Mail Armor
62:05 Onager
63:20 Ballistics
65:34 Blast Furnace
65:05 Plate Mail Armor
72:07 Halberdier
Kevin
0:32 Loom
11:18 Feudal Age
16:17 Man-at-Arms
UrethraFranklin
8:25 Loom
12:14 Feudal Age
17:42 Castle Age
18:02 Fletching
18:47 Bodkin Arrow
20:12 Horse Collar
22:07 Heavy Plow
56:28 Squires
62:38 Double-Bit Axe
77:23 Bow Saw
Snoopy
6:19 Loom
12:50 Feudal Age
14:02 Man-at-Arms
15:35 Wheelbarrow
15:21 Arson
20:15 Double-Bit Axe
20:40 Scale Barding Armor
29:07 Castle Age
31:25 Husbandry
32:25 Bow Saw
38:41 Chain Barding Armor
38:32 Forging
55:08 Hand Cart
Ben Gurgen Hoffe
12:52 Feudal Age
11:13 Loom
17:54 Double-Bit Axe
24:10 Castle Age
23:45 Horse Collar
31:27 Wheelbarrow
31:12 Bow Saw
33:20 Wagenburg Tactics
38:46 Imperial Age
44:02 Conscription
43:03 Elite Hussite Wagon
43:51 Squires
43:13 Pikeman
50:04 Halberdier
74:07 Arson
78:05 Forging
HD
5:17 Loom
11:26 Feudal Age
11:54 Feudal Age
14:03 Double-Bit Axe
15:20 Padded Archer Armor
17:09 Fletching
22:06 Castle Age
22:52 Castle Age
22:34 Bloodlines
22:31 Scale Barding Armor
22:37 Forging
22:32 Horse Collar
22:47 Gold Mining
24:19 Bodkin Arrow
25:31 Crossbowman
28:44 Husbandry
33:09 Heavy Plow
34:04 Wheelbarrow
35:33 Gold Shaft Mining
37:21 Hand Cart
37:35 Stone Mining
38:00 Bow Saw
42:32 Imperial Age
41:15 Chain Barding Armor
41:31 Iron Casting
42:33 Tusk Swords
43:39 Conscription
43:20 Double Crossbow
44:03 Plate Barding Armor
44:29 Blast Furnace
44:47 Bracer
45:35 Ballistics
45:13 Murder Holes
47:06 Elite Ballista Elephant
53:59 Chemistry
53:05 Siege Engineers
53:12 Fortified Wall
53:14 Masonry
58:04 Stone Shaft Mining
58:47 Hoardings
59:12 Leather Archer Armor
58:57 Scale Mail Armor
61:56 Ring Archer Armor
61:41 Chain Mail Armor
63:15 Elite Battle Elephant
77:16 Caravan
Connection lost

Rejoining the realm…

Still unreachable

The connection could not be restored.

Session expired

The server has moved on; the page needs a fresh start.